 Dungeon Crawl Stone Soup version 0.32-a0-995-gb4a59205af (webtiles) character file.

Game seed: 15866535078828090396

4323 shadizar the Blocker (level 10, -2/64 HPs)
             Began as a Gargoyle Fighter on Apr 22, 2024.
             Was an Initiate of Makhleb.
             Killed by the air
             ... invoked by Gastronok
              (11 damage)
             ... on level 8 of the Dungeon.
             The game lasted 00:11:54 (7175 turns).

shadizar the Blocker (Gargoyle Fighter)             Turns: 7175, Time: 00:11:54

Health: -2/64      AC: 25    Str: 25    XL:     10   Next: 33%
Magic:  10/10      EV: 11    Int:  8    God:    Makhleb [......]
Gold:   387        SH:  5    Dex:  9    Spells: 9/9 levels left

rFire   . . .        q - +6 dire flail (heavy)
rCold   . . .        (shield currently unavailable)
rNeg    + . .        P - +0 acid dragon scales
rPois   ∞            N - +2 helmet
rElec   +            A - +2 cloak
rCorr   +            O - +0 pair of gloves
SInv    .            r - +1 pair of boots
Will    .....        g - amulet of reflection
Stlth   +            (no ring)
HPRegen 0.30/turn    (no ring)
MPRegen 0.12/turn

%: reflection
@: no status effects
A: sickness immunity, AC +7, negative energy resistance 1, electricity
resistance, torment resistance 1, petrification resistance
a: Renounce Religion


You were on level 8 of the Dungeon.
You worshipped Makhleb.
Makhleb was noncommittal.
You visited 2 branches of the dungeon, and saw 9 of its levels.

You collected 387 gold pieces.

Inventory:

Hand Weapons
 a - a +0 flail
 q - a +6 heavy dire flail (weapon)
 y - a +3 short sword of speed
 F - a +2 whip of electrocution
 L - a +3 trident of draining
Armour
 b - a +0 scale mail
 c - a +0 buckler
 r - a +1 pair of boots (worn)
 s - a +0 chain mail
 A - a +2 cloak (worn)
 G - +0 steam dragon scales
 N - a +2 helmet (worn)
 O - a +0 pair of gloves (worn)
 P - +0 acid dragon scales (worn)
Jewellery
 g - an amulet of reflection (around neck)
Talismans
 z - a serpent talisman
Wands
 d - a wand of mindburst (6)
 E - a wand of flame (25)
 J - a wand of polymorph (10)
 K - a wand of charming (11)
Scrolls
 f - a scroll of identify
 k - a scroll of revelation
 o - a scroll of butterflies
 p - 2 scrolls of fear
 u - 2 scrolls of noise
 w - a scroll of enchant armour
 D - 2 scrolls of enchant weapon
Potions
 e - a potion of brilliance {unknown}
 h - 2 potions of invisibility {unknown}
 i - a potion of cancellation {unknown}
 j - 3 potions of mutation
 n - 3 potions of attraction {unknown}
 t - 2 potions of haste {unknown}
 x - 4 potions of degeneration {unknown}
 C - 4 potions of curing {unknown}
 H - a potion of might
 I - 2 potions of resistance {unknown}


   Skills:
 + Level 8.0 Fighting
 + Level 6.8 Maces & Flails
 + Level 8.0 Armour
 + Level 5.3 Dodging
 + Level 8.0 Shields


You had 9 spell levels left.
You didn't know any spells.
Your spell library contained the following spells:

 Spells                   Type           Power      Damage    Failure   Level
 Apportation              Tloc           0%         N/A       45%         1
 Jinxbite                 Hex            0%         N/A       61%         2
 Volatile Blastmotes      Fire/Tloc      0%         2d10      83%         3
 Fulminant Prism          Conj/Alch      0%         3d5       99%         4
 Iskenderun's Mystic Bla Conj/Tloc 0%             2d3        (+2d1     99%         4
 Alistair's Intoxication  Alch           0%         N/A       100%        5


Dungeon Overview and Level Annotations

Branches:
Dungeon (8/15)             Temple (1/1) D:7
   Lair: D:8-11

Altars:
Ashenzari
Cheibriados
Dithmenos
Elyvilon
Fedhas
Gozag
Hepliaklqana
Kikubaaqudgha
Makhleb
Nemelex Xobeh
Qazlal
Ru
Sif Muna
Trog
Vehumet
Wu Jian
Xom
Zin
The Shining One

Shops:
D:4 =   D:8 :

Annotations:
D:3 1 runed translucent door, Crazy Yiuf
D:8 Gastronok


Innate Abilities, Weirdness & Mutations

You are immune to sickness and miasma.
Your stone body is resilient. (AC +7)
You are immune to poison.
You resist negative energy. (rN+)
You are resistant to electric shocks. (rElec)
You are resistant to unholy torment.
You are immune to petrification.


Message History

Your Fighting skill increases to level 8!
Things that are here:
a +0 dagger; a +0 robe; an orc corpse
Things that are here:
a +0 dagger; a +0 robe; an orc corpse
Items here: ( )) [ †.
Items here: )) [ †.
Items here: ( )) [ †.
Okay, then.
Things that are here:
a +0 dagger; a +0 robe; an orc corpse
Found a stone staircase leading down.
C - 4 silvery potions (gained 1)
There is a stone staircase leading down here.
Found a stone staircase leading up.
You open the door.
There is an open door here.
Found an escape hatch in the ceiling.
Found an amulet of reflection.
Gastronok the Ponderous comes into view.
He is wearing a +0 hat of stealth.
Gastronok gurgles horribly!
Gastronok waves his eye-stalks in wide circles.
The air twists around and strikes you!!
Gastronok waves his eye-stalks in wide circles.
The air twists around and strikes you!!
Ouch! That really hurt!
* * * LOW HITPOINT WARNING * * *
You are too injured to fight recklessly!
You puncture Gastronok!
Gastronok is lightly wounded.
You impale Gastronok!!
Gastronok is moderately wounded.
Gastronok bites you.
* * * LOW HITPOINT WARNING * * *
You puncture Gastronok!
Gastronok is moderately wounded.
Gastronok waves his eye-stalks in wide circles.
The air twists around and strikes you!
You die...
Gastronok gurgles, "About time.
I'm starving!"

####### ####### #...... ##
########.....# #...... .#
#.......!"...# #...... .####
#............# #......
....####............#######..))).
..............$................).
.##.####........@...###........÷.
###.# #.........w..# #....#####.
#.# #......<.....# #....#<....
#.# #.......###### ####.######
#.# #.......# ###....... #.#
######### #......... #.#
#.######## ###.# #.# .<#.# #.#


You could see Gastronok.

Vanquished Creatures
  Pikel (D:6)
  Jeremiah (D:7)
  Grinder (D:6)
  Eustachio (D:4)
  A steam dragon (D:6)
  Menkaure (D:5)
  Edmund (D:4)
  An acid dragon (D:8)
  2 water moccasins
  2 orc warriors
  A sky beast (D:7)
  3 black bears
  2 centaurs (D:5)
  2 ogres
  2 lemures (D:6)
  3 phantoms
  5 bullfrogs
  A scorpion (D:7)
  2 howler monkeys
  2 electric eels
  A bombardier beetle (D:5)
  A jelly (D:6)
  An orc priest (D:3)
  3 hounds
  Ijyb (D:4)
  Terence (D:3)
  11 orc wizards
  A sleepcap (D:5)
  3 iguanas
  Natasha (thrice) (D:3)
  6 adders
  7 gnolls
  4 shadow imps
  2 white imps (D:7)
  2 ufetubi (D:6)
  3 ribbon worms
  5 dart slugs
  26 orcs
  5 endoplasms
  3 giant cockroaches (D:4)
  5 hobgoblins
  4 jackals (D:1)
  2 quokkas (D:4)
  3 ball pythons
  3 bats (D:3)
  2 frilled lizards (D:1)
  5 goblins
  7 kobolds
  4 rats
159 creatures vanquished.

Notes
Turn   | Place    | Note
-------+----------+-------------------------------------------
     0 | D:1      | shadizar the Gargoyle Fighter began the quest for the Orb.
     0 | D:1      | Reached XP level 1. HP: 14/14 MP: 1/1
    58 | D:1      | Reached XP level 2. HP: 19/19 MP: 2/2
   361 | D:1      | Reached XP level 3. HP: 23/23 MP: 3/3
   619 | D:2      | Reached skill level 1 in Dodging
   675 | D:2      | Reached XP level 4. HP: 28/29 MP: 4/4
  1093 | D:3      | Found a white marble altar of Elyvilon.
  1104 | D:3      | Noticed Natasha
  1110 | D:3      | Killed Natasha
  1147 | D:3      | Noticed Natasha
  1157 | D:3      | Killed Natasha
  1158 | D:3      | Reached XP level 5. HP: 26/33 MP: 5/5
  1222 | D:3      | Noticed Terence
  1244 | D:3      | Killed Terence
  1250 | D:3      | Found a runed translucent door.
  1251 | D:3      | Noticed Crazy Yiuf
  1293 | D:3      | Noticed Natasha
  1302 | D:3      | Killed Natasha
  1413 | D:3      | Reached XP level 6. HP: 17/39 MP: 6/6
  1707 | D:4      | Found Xefodefi's One-of-a-Kind Rings.
  1882 | D:4      | Noticed Ijyb
  1896 | D:4      | Killed Ijyb
  2314 | D:4      | Noticed Eustachio
  2341 | D:4      | Killed Eustachio
  2342 | D:4      | Reached XP level 7. HP: 29/44 MP: 7/7
  2571 | D:4      | Reached skill level 5 in Fighting
  2571 | D:4      | Reached skill level 5 in Shields
  2614 | D:4      | Reached skill level 5 in Armour
  2636 | D:4      | Found a glowing silver altar of Zin.
  2729 | D:5      | Entered Level 5 of the Dungeon
  2873 | D:5      | Reached XP level 8. HP: 50/50 MP: 8/8
  2873 | D:5      | Noticed Menkaure
  2882 | D:5      | Killed Menkaure
  2957 | D:5      | Noticed Edmund
  3019 | D:4      | Killed Edmund
  3421 | D:4      | Reached skill level 5 in Maces & Flails
  4078 | D:5      | Reached XP level 9. HP: 53/56 MP: 9/9
  4470 | D:6      | Found a glowing golden altar of the Shining One.
  4491 | D:6      | Found an opulent altar of Gozag.
  4491 | D:6      | Found a shimmering altar of Xom.
  4491 | D:6      | Found a stormy altar of Qazlal.
  4678 | D:6      | Noticed Grinder
  4679 | D:6      | Paralysed by Grinder for 5 turns
  4692 | D:6      | Killed Grinder
  5035 | D:6      | Noticed Pikel
  5057 | D:6      | Killed Pikel
  5574 | D:7      | Noticed Jeremiah
  5602 | D:7      | Reached XP level 10. HP: 63/63 MP: 10/10
  5756 | D:7      | Reached skill level 5 in Dodging
  5974 | D:7      | Killed Jeremiah
  6180 | D:7      | Found a staircase to the Ecumenical Temple.
  6233 | Temple   | Entered the Ecumenical Temple
  6282 | Temple   | Became a worshipper of Makhleb the Destroyer
  6967 | D:8      | Found Seduery's Self-Improvement Boutique.
  7008 | D:8      | Found a shimmering blue altar of Sif Muna.
  7167 | D:8      | Noticed Gastronok
  7175 | D:8      | Killed from afar by Gastronok

Illustrated notes

Levels and vault maps discovered:
D:1:      grunt_arrival_lava_bath, layout_basic, dk_noncrumbling_3,
          chequers_serial_rivers_marsh
D:2:      layout_rooms, minmay_strange_pillars
D:3:      layout_rooms, lemuel_doored_altar, uniq_crazy_yiuf_cottage,
          uniq_natasha, uniq_terence
D:4:      layout_loops_ring, lemuel_crystal_altar, nicolae_shop_unique_rings,
          minmay_bisected, uniq_ijyb, uniq_eustachio
D:5:      layout_layer_cave, st_stairs_12, uniq_menkaure, uniq_edmund
D:6:      layout_loops_ring, minitemple, serial_bayou_ford_a,
          lightli_orcish_oven, uniq_pikel, uniq_grinder
D:7:      layout_cave_pods, minmay_temple_entry_glassed_door, billiards_dpeg,
          uniq_jeremiah
D:8:      layout_basic, kennysheep_okawaru_gauntlet,
          mainiacjoe_overflow_cross_hatched, nicolae_shop_self_help,
          uniq_gastronok, uniq_prince_ribbit1
Temple:   hellmonk_temple_flake

Skill      XL: |  1  2  3  4  5  6  7  8  9 10 |
---------------+-------------------------------+-----
Dodging        | 1 2 3 4 5 |  5.3
Armour         | 4 5 6 7 8 |  8.0
Shields        | 4 5 6 7 8 |  8.0
Fighting       | 4 5 6 7 8 |  8.0
Maces & Flails | 3 4 5 6 |  6.8

Action                     |  1- 3 |  4- 6 |  7- 9 | 10-12 || total
---------------------------+-------+-------+-------+-------++-------
  Melee: Flail             |    75 |   244 |   135 |       ||   454
         Dire flail        |       |       |   228 |   150 ||   378
    Use: Potion            |       |     3 |     1 |       ||     4
         Scroll            |       |       |       |    11 ||    11
 Armour: Scale mail        |    58 |     3 |       |       ||    61
         Chain mail        |       |   181 |   317 |   127 ||   625
         Acid dragon scale |       |       |       |    33 ||    33
  Dodge: Dodged            |    43 |    75 |   136 |    63 ||   317
  Block: Buckler           |    33 |   132 |    93 |       ||   258
         Reflection        |       |       |     3 |     1 ||     4
         Other             |       |       |    51 |    35 ||    86

Table legend: (Time is in decaauts)
 A = Elapsed time spent in this place.
 B = Non-inter-level travel time spent in this place.
 C = Inter-level travel time spent in this place.
 D = Time resting spent in this place.
 E = Time spent auto-exploring this place.
 F = Levels seen in this place.
 G = Mean time per level.
                   A        B        C        D        E       F      G
               +--------+--------+--------+--------+--------+-----+--------+
         Total |   7348 |   7174 |    174 |     79 |   5095 |   9 |  816.4 |
       Dungeon |   7287 |   7113 |    174 |     79 |   5095 |   8 |  910.9 |
        Temple |     60 |     60 |      0 |      0 |      0 |   1 |   60.0 |
               +--------+--------+--------+--------+--------+-----+--------+

Top non-repeatable levels by time:
     D:4: 1408 daAuts
     D:5: 1342 daAuts
     D:7: 1142 daAuts
     D:6: 1113 daAuts
     D:3: 742 daAuts
     D:1: 617 daAuts
     D:8: 493 daAuts
     D:2: 427 daAuts
  Temple: 60 daAuts
